 Dungeon Crawl Stone Soup version 0.18.1-48-g4cf74bf (webtiles) character file.

429 dorian the Slasher (level 6, -3/44 HPs)
             Began as a Demonspawn Gladiator on Sept 1, 2016.
             Slain by Grinder (7 damage)
             ... while paralysed by Grinder
             ... on level 4 of the Dungeon.
             The game lasted 00:10:39 (5109 turns).

dorian the Slasher (Demonspawn Gladiator)           Turns: 5109, Time: 00:10:40

Health: -3/44      AC:  4    Str: 16    XL:     6   Next: 66%
Magic:  6/6        EV:  2    Int:  9    God:
Gold:   171        SH:  0    Dex: 17    Spells: 0 memorised, 5 levels left

rFire  . . .     SeeInvis .     a - +0 long sword
rCold  . . .     Gourm    .     b - +0 leather armour
rNeg   . . .     Faith    .     (no shield)
rPois  .         Spirit   .     c - +0 helmet
rElec  .         Dismiss  .     (no cloak)
rCorr  .         Reflect  .     (no gloves)
SustAt .         Harm     .     (no boots)
MR     .....                    (no amulet)
Stlth  ++........               (no ring)
                                o - +3 ring of evasion

@: paralysed, lethally poisoned (-3 -> -30), not resistant to hostile
enchantments, unstealthy
A: claws 1, thin skeletal structure 1, rot immunity
a: no special abilities


You were on level 4 of the Dungeon.
You were not hungry.

You visited 1 branch of the dungeon, and saw 4 of its levels.

You collected 171 gold pieces.

Inventory:

Hand Weapons
 a - a +0 long sword (weapon)
 g - a +2 hunting sling of flaming
   (You found it on level 1 of the Dungeon)
 q - a +0 long sword
   (You found it on level 2 of the Dungeon)
Missiles
 d - 58 stones (quivered)
Armour
 b - a +0 leather armour (worn)
 c - a +0 helmet (worn)
Jewellery
 o - a +3 ring of evasion (left claw)
   (You found it on level 1 of the Dungeon)
Wands
 s - a wand of polymorph (17/24)
   (You found it on level 3 of the Dungeon)
 w - a wand of random effects (36/48)
   (You found it on level 3 of the Dungeon)
Scrolls
 i - 2 scrolls of magic mapping
 j - 4 scrolls of identify {unknown}
 k - a scroll of enchant weapon {unknown}
 n - 2 scrolls of noise {unknown}
 p - a scroll of blinking {unknown}
 r - a scroll of fear {unknown}
 v - 3 scrolls of random uselessness
 y - a scroll of immolation {unknown}
 z - a scroll of teleportation {unknown}
 B - a scroll of remove curse {unknown}
Potions
 e - a potion of flight {unknown}
 h - 2 potions of brilliance {unknown}
 l - 2 potions of berserk rage {unknown}
 m - a potion of curing
 t - 2 potions of lignification {unknown}
 A - a potion of might {unknown}
Comestibles
 f - 3 bread rations
 u - a beef jerky
 x - a meat ration
 Z - a chunk of flesh


   Skills:
 - Level 2.0 Fighting
 * Level 5.5 Long Blades
 - Level 1.7 Throwing
 - Level 1.5 Armour
 + Level 4.5 Dodging


You had 5 spell levels left.
You didn't know any spells.

Dungeon Overview and Level Annotations

Branches:
Dungeon (4/15)             Temple (0/1) D:4

Altars:
Dithmenos
Elyvilon
Xom

Annotations:
D:4 Eustachio, Grinder


Innate Abilities, Weirdness & Mutations

You have sharp fingernails.
You have a somewhat thin skeletal structure (Dex +2, Stealth).
You are immune to rotting.


Message History

You feel aware of your surroundings.
You sensed 1 altar.
It was a scroll of magic mapping.
The worker ant bites you.
You are poisoned.
The worker ant poisons you!
You hit the worker ant.
The worker ant is lightly wounded.
You feel sick.
The worker ant bites you but does no damage.
You closely miss the worker ant.
The worker ant is lightly wounded.
You feel sick. The worker ant closely misses you. The worker ant misses you.
You hit the worker ant but do no damage.
The worker ant is lightly wounded.
You feel sick. The worker ant barely misses you.
You barely miss the worker ant.
The worker ant is lightly wounded.
You feel sick.
Grinder blinks!
The worker ant misses you.
You hit the worker ant.
The worker ant is heavily wounded.
The worker ant barely misses you. Grinder completely misses you.
The worker ant completely misses you.
You hit the worker ant.
The worker ant is severely wounded.
You feel sick. The worker ant bites you.
* * * LOW HITPOINT WARNING * * *
You are more poisoned.
The worker ant poisons you! Grinder misses you.
You closely miss the worker ant.
The worker ant is severely wounded.
You feel sick. The worker ant bites you.
* * * LOW HITPOINT WARNING * * *
You are more poisoned.
The worker ant poisons you! Grinder gestures at you.
You suddenly lose the ability to move!
You feel sick. The worker ant bites you.
* * * LOW HITPOINT WARNING * * *
You are more poisoned.
The worker ant poisons you! Grinder hits you.
* * * LOW HITPOINT WARNING * * *
You writhe in agony.
* * * LOW HITPOINT WARNING * * *
The worker ant bites you.
* * * LOW HITPOINT WARNING * * *
You are more poisoned.
The worker ant poisons you!
* * * LOW HITPOINT WARNING * * *
You feel very sick. Grinder hits you!
You die...

#.# #.# #.##.## #.#
#.# #...... #.#
#[#######.## ######.#
#>..........
#...5#.###.#.......#.
#....+.....#.......+.
*.a.,#####.#.......#.
*#'#######.######....
#.#@5..##.# ###+#
#.a....'..# #....
###....##.# #....
#....##.# #....
#....##.# #....
####....##.# #....
#..........# ###....
#..........# #......
#..........# #...#+#


You could see Grinder and a worker ant.

Vanquished Creatures
  An ogre (D:3)
  A howler monkey (D:4)
  A giant frog skeleton (D:4)
  A centaur skeleton (D:3)
  An orc wizard (D:4)
  9 adders
  4 gnolls
  An ooze (D:3)
  2 worms (D:2)
  A dart slug (D:2)
  3 giant geckos
  4 orcs
  3 giant cockroaches
  11 goblins
  7 hobgoblins
  9 jackals
  A quokka (D:2)
  4 ball pythons (D:1)
  6 bats
  10 giant newts
  9 kobolds
  9 rats
98 creatures vanquished.

Notes
Turn   | Place    | Note
--------------------------------------------------------------
     0 | D:1      | dorian the Demonspawn Gladiator began the quest for the Orb.
     0 | D:1      | Reached XP level 1. HP: 16/16 MP: 1/1
   107 | D:1      | Reached skill level 3 in Long Blades
   170 | D:1      | Gained mutation: You are immune to rotting. [demonic ancestry]
   170 | D:1      | Reached XP level 2. HP: 13/22 MP: 2/2
   324 | D:1      | Reached skill level 3 in Dodging
   444 | D:1      | HP: 11/22 [ball python (2)]
   904 | D:1      | Reached XP level 3. HP: 18/27 MP: 3/3
  1049 | D:2      | HP: 12/27 [worm (6)]
  1054 | D:2      | HP: 9/27 [gnoll/halberd (4)]
  1351 | D:1      | HP: 13/27 [jackal (3)]
  1517 | D:1      | Reached skill level 1 in Armour
  1606 | D:2      | HP: 13/27 [adder (1)]
  1610 | D:2      | HP: 5/27 [adder (3)]
  1615 | D:2      | HP: 8/27 [adder (4)]
  1621 | D:2      | HP: 5/27 [adder (2)]
  1903 | D:1      | HP: 11/27 [adder (4)]
  1907 | D:1      | HP: 5/27 [poisoned by an adder]
  1909 | D:1      | Reached XP level 4. HP: 7/33 MP: 4/4
  1913 | D:1      | HP: 5/33 [poisoned by an adder]
  1921 | D:1      | HP: 4/33 [poisoned by an adder]
  2526 | D:2      | HP: 14/33 [gnoll/whip (4)]
  2530 | D:2      | HP: 4/33 [gnoll/flail (6)]
  3182 | D:3      | Gained mutation: You have sharp fingernails. [demonic ancestry]
  3182 | D:3      | Reached XP level 5. HP: 24/38 MP: 5/5
  3353 | D:3      | Found a shadowy altar of Dithmenos.
  3367 | D:3      | Reached skill level 4 in Long Blades
  3528 | D:3      | Reached skill level 4 in Dodging
  3532 | D:3      | HP: 19/38 [poisoned by an adder]
  3538 | D:3      | HP: 17/38 [poisoned by an adder]
  3545 | D:3      | HP: 16/38 [poisoned by an adder]
  3553 | D:3      | HP: 15/38 [poisoned by an adder]
  3776 | D:3      | HP: 19/38 [hobgoblin (3)]
  3783 | D:3      | HP: 18/38 [poisoned by an adder]
  3965 | D:3      | Found a shimmering altar of Xom.
  3994 | D:3      | Noticed an ogre
  4005 | D:3      | Killed an ogre
  4005 | D:3      | Gained mutation: You have a somewhat thin skeletal structure (Dex +2, Stealth). [demonic ancestry]
  4005 | D:3      | Reached XP level 6. HP: 44/44 MP: 6/6
  4350 | D:3      | Reached skill level 5 in Long Blades
  4450 | D:4      | Noticed Eustachio
  4460 | D:4      | HP: 21/44 [giant frog skeleton (3)]
  4685 | D:4      | Found a white marble altar of Elyvilon.
  4732 | D:4      | HP: 19/44 [something/magic dart (4)]
  4744 | D:4      | HP: 17/44 [orc wizard/magic dart (9)]
  4754 | D:4      | HP: 12/44 [giant frog skeleton (4)]
  4760 | D:4      | HP: 11/44 [giant frog skeleton (2)]
  4762 | D:4      | HP: 3/44 [giant frog skeleton (5)]
  4769 | D:4      | HP: 9/44 [giant frog skeleton (6)]
  5095 | D:4      | Noticed Grinder
  5106 | D:4      | HP: 21/44 [worker ant (2)]
  5107 | D:4      | Paralysed by Grinder for 5 turns
  5108 | D:4      | HP: 10/44 [Grinder (2)]
  5109 | D:4      | HP: 4/44 [poisoned by a worker ant]
  5109 | D:4      | Slain by Grinder

Skill      XL: |  1  2  3  4  5  6 |
---------------+-------------------+-----
Long Blades    | 3 4 5 |  5.5
Dodging        | 3 4 |  4.5
Armour         | 1 |  1.5
Fighting       | |  2.0
Throwing       | |  1.7

Action                   |  1- 3 |  4- 6 || total
-------------------------+-------+-------++-------
Melee: Long sword        |   172 |   260 ||   432
Throw: Throwing net      |     3 |     5 ||     8
       Stone             |       |     1 ||     1
  Use: Potion            |     1 |     3 ||     4
       Scroll            |       |     2 ||     2
 Stab: Held in net/web   |       |     2 ||     2
       Sleeping          |       |     3 ||     3
  Eat: Chunk             |     3 |    11 ||    14
Armor: Leather armour    |    62 |    63 ||   125
Dodge: Dodged            |   174 |   241 ||   415
